 Dungeon Crawl Stone Soup version 0.27-a0-1579-g97d2440184 (webtiles) character file.

Game seed: 18257855650078206054

387 Sin92 the Skirmisher (level 6, -4/48 HPs)
             Began as a Demonspawn Fighter on July 17, 2021.
             Killed by divine providence
             ... invoked by an orc priest
              (15 damage)
             ... on level 6 of the Dungeon.
             The game lasted 00:04:56 (3608 turns).

Sin92 the Skirmisher (Demonspawn Fighter)           Turns: 3608, Time: 00:04:57

Health: -4/48      AC:  7    Str: 18    XL:     6   Next: 49%
Magic:  6/6        EV:  8    Int:  9    God:
Gold:   92         SH: 10    Dex: 13    Spells: 5/5 levels left

rFire    + . .     SeeInvis +   a - +0 war axe (elec)
rCold    + . .     Faith    .   c - +1 kite shield
rNeg     . . .     Spirit   .   b - +0 scale mail
rPois    +         Reflect  .   (helmet restricted)
rElec    +         Harm     .   (no cloak)
rCorr    +         Rampage  .   (no gloves)
Will     .....                  (no boots)
Stlth    ..........             (no amulet)
HPRegen  0.16/turn              j - ring of see invisible
MPRegen  0.10/turn              (no ring)

@: mighty, resistant
A: antennae 1, demonic guardian 2, sharp scales 1
a: no special abilities


You were on level 6 of the Dungeon.
You visited 1 branch of the dungeon, and saw 5 of its levels.

You collected 92 gold pieces.

Inventory:

Hand Weapons
 a - a +0 war axe of electrocution (weapon)
Armour
 b - a +0 scale mail (worn)
 c - a +1 kite shield (worn)
 q - a +0 helmet
Jewellery
 j - a ring of see invisible (left hand)
 p - a +6 ring of intelligence
Scrolls
 f - 4 scrolls of identify
 g - a scroll of enchant weapon {unknown}
 l - a scroll of fear {unknown}
 m - 2 scrolls of magic mapping
 n - a scroll of teleportation
 o - a scroll of acquirement {unknown}
Potions
 d - a potion of might
 e - a potion of resistance
 h - a potion of ambrosia {unknown}
 i - a potion of lignification {unknown}
 k - 2 potions of curing {unknown}


   Skills:
 + Level 4.0 Fighting
 * Level 3.9 Axes
 + Level 3.6 Armour
 + Level 2.1 Dodging
 + Level 3.6 Shields


You had 5 spell levels left.
You didn't know any spells.
Your spell library contained the following spells:

 Spells                   Type           Power      Damage    Failure   Level
 Animate Skeleton         Necr           0%         N/A       99%         1
 Pain                     Necr           0%         1d4       99%         1
 Blink                    Tloc           N/A        N/A       100%        2
 Lesser Beckoning         Tloc           0%         N/A       100%        3
 Vampiric Draining        Necr           0%         2d6       100%        3
 Manifold Assault         Tloc           0%         N/A       100%        5


Dungeon Overview and Level Annotations

Branches:
Dungeon (4/15)
 Temple: D:4-7

Altars:
Ashenzari
Elyvilon
Uskayaw
Xom

Annotations:
D:4 2 transporters, Spaninq's ghost, weakling HODe


Innate Abilities, Weirdness & Mutations

You have a pair of small antennae on your head.
A demonic guardian rushes to your aid.
You are partially covered in razor-sharp scales. (AC +1, Slay +1)


Message History

The ogre closely misses you.
You slash the ogre!
The ogre is heavily wounded.
A white imp comes into view.
You block the ogre's attack.
You barely miss the ogre.
The ogre is heavily wounded.
The ogre hits you with a +0 giant spiked club.
You slash the ogre!
You kill the ogre!
The ogre barely misses you.
Your Dodging skill increases to level 2!
You have reached level 6!
Your experience leads to an increase in your attributes!
Increase (S)trength, (I)ntelligence, or (D)exterity?
You feel stronger.
You barely miss the ogre.
The ogre hits you with a +0 giant spiked club!
You slash the ogre!
The ogre is moderately wounded.
The ogre hits you with a +0 giant spiked club!
A demonic guardian appears!
The white imp shouts, "Run away, thou unmuzzled toot-wallowing codpiece!"
You slice the ogre!!
You kill the ogre!
The orc closely misses you.
Your Fighting skill increases to level 4!
You slash the orc!
You kill the orc!
Your shield and scale mail prevent you from hitting the orc.
An orc priest comes into view. It is wielding a +0 war axe.
You block the orc's attack.
The orc priest looks braver for a moment.
The orc hits you with a +0 club.
* * * LOW HITPOINT WARNING * * *
You hit the orc.
The orc is severely wounded.
The orc priest calls down the wrath of Beogh upon you.
Beogh smites you!
You die...

o#....
..oo .....
.... o....
.... .oS#
#.. #..#
#...#..#
#...#..#
#o..######
#...o5o@4#
#.######.#
#. .# #.
.# #O .#
#. .. #.
## #.


You could see an orc priest, a white imp, 2 orcs and a friendly hellwing
(summoned).

Vanquished Creatures
  2 ogres (D:6)
  A howler monkey (D:6)
  2 iguanas
  6 adders
  A white imp (D:4)
  2 worms
  2 dart slugs (D:1)
  4 orcs
  6 bats
  3 endoplasms
  A giant cockroach (D:4)
  3 hobgoblins
  3 jackals (D:4)
  3 kobolds
  3 quokkas
  4 ball pythons
  3 frilled lizards
  10 goblins
  9 rats
68 creatures vanquished.

Vanquished Creatures (others)
  A plant (D:4)
1 creature vanquished.

Grand Total: 69 creatures vanquished

Notes
Turn   | Place    | Note
-------+----------+-------------------------------------------
     0 | D:1      | Sin92 the Demonspawn Fighter began the quest for the Orb.
     0 | D:1      | Reached XP level 1. HP: 18/18 MP: 1/1
    17 | D:1      | Noticed a merfolk zombie
   122 | D:1      | Gained mutation: A weak demonic guardian rushes to your
                  | aid. [demonic ancestry]
   122 | D:1      | Reached XP level 2. HP: 13/24 MP: 2/2
   567 | D:1      | Found a faded altar of an unknown god.
   661 | D:1      | Gained mutation: You are partially covered in razor-sharp
                  | scales. (AC +1, Slay +1) [demonic ancestry]
   661 | D:1      | Reached XP level 3. HP: 29/29 MP: 3/3
   678 | D:1      | You fall into a shaft and drop 1 floor!
  1047 | D:2      | Found a shimmering altar of Xom.
  1941 | D:3      | Reached skill level 1 in Dodging
  2061 | D:3      | Gained mutation: A demonic guardian rushes to your aid.
                  | [demonic ancestry]
  2061 | D:3      | Reached XP level 4. HP: 35/35 MP: 4/4
  2735 | D:3      | Found a faded altar of an unknown god.
  2735 | D:3      | Found a broken altar of Ashenzari.
  2742 | D:3      | Found a hide-covered altar of Uskayaw.
  2745 | D:3      | Found a faded altar of an unknown god.
  2932 | D:4      | Gained mutation: You have a pair of small antennae on your
                  | head. [demonic ancestry]
  2932 | D:4      | Reached XP level 5. HP: 33/41 MP: 5/5
  3217 | D:4      | Noticed Spaninq's ghost (weakling HODe)
  3218 | D:4      | Found a transporter.
  3268 | D:4      | Found a transporter.
  3588 | D:4      | You fall into a shaft and drop 2 floors!
  3588 | D:6      | Noticed an ogre
  3592 | D:6      | Noticed an ogre
  3602 | D:6      | Killed an ogre
  3603 | D:6      | Reached XP level 6. HP: 42/48 MP: 6/6
  3606 | D:6      | Reached skill level 4 in Fighting
  3608 | D:6      | Killed from afar by an orc priest

Illustrated notes

Levels and vault maps discovered:
D:1:      shiori_arrival_whats_in_store_for_you, layout_basic,
          hellmonk_ecumenical_altar_heavens_door, minmay_misc_feat_more_columns,
          minmay_cut_off
D:2:      layout_basic, basic_altar, minivault_23
D:3:      layout_basic, chequers_temple_overflow_minitemple
D:4:      lemuel_castle_with_subvaults [lemuel_castle_interior_carwin_1],
          layout_basic, gammafunk_ghost_arena
D:6:      cheibrodos_barr_body, layout_loops_ring, kennysheep_potato

Skill      XL: |  1  2  3  4  5  6 |
---------------+-------------------+-----
Axes           | 2 3 |  3.9
Armour         | 3 |  3.6
Dodging        | 1 2 |  2.1
Shields        | 3 |  3.6
Fighting       | 4 |  4.0

Action                   |  1- 3 |  4- 6 || total
-------------------------+-------+-------++-------
Melee: War axe           |   108 |    61 ||   169
  Use: Scroll            |     8 |       ||     8
       Potion            |       |     3 ||     3
Armor: Scale mail        |    64 |    20 ||    84
Dodge: Dodged            |    30 |    12 ||    42
Block: Kite shield       |    72 |    37 ||   109

Table legend: (Time is in decaauts)
 A = Elapsed time spent in this place.
 B = Non-inter-level travel time spent in this place.
 C = Inter-level travel time spent in this place.
 D = Time resting spent in this place.
 E = Time spent auto-exploring this place.
 F = Levels seen in this place.
 G = Mean time per level.
                   A        B        C        D        E       F      G
               +--------+--------+--------+--------+--------+-----+--------+
         Total |   3719 |   3628 |     91 |    137 |   2618 |   5 |  743.8 |
       Dungeon |   3719 |   3628 |     91 |    137 |   2618 |   5 |  743.8 |
               +--------+--------+--------+--------+--------+-----+--------+

Top non-repeatable levels by time:
     D:2: 1257 daAuts
     D:3: 914 daAuts
     D:4: 809 daAuts
     D:1: 712 daAuts
     D:6: 26 daAuts
